 Dungeon Crawl Stone Soup version 0.28-a0-828-g0121872642 (webtiles) character file.

Game seed: 10650879085227011433

109 gimp the Skirmisher (level 5, 0/44 HPs)
             Began as a Formicid Wanderer on Nov 10, 2021.
             Succumbed to a scorpion's poison
             ... on level 5 of the Dungeon.
             The game lasted 00:03:34 (2652 turns).

gimp the Skirmisher (Formicid Wanderer)             Turns: 2652, Time: 00:03:35

Health: 0/44       AC:  2    Str: 16    XL:     5   Next: 13%
Magic:  5/5        EV: 11    Int: 10    God:
Gold:   156        SH:  0    Dex: 13    Spells: 4/4 levels left

rFire   . . .      SeeInvis +   b - +0 dagger
rCold   . . .      Faith    .   (no shield)
rNeg    . . .      Spirit   .   e - +0 robe
rPois   .          Reflect  .   (helmet unavailable)
rElec   .          Harm     .   (no cloak)
rCorr   .          Rampage  .   (no gloves)
Will    .....                   (no boots)
Stlth   ++........              (no amulet)
HPRegen 0.14/turn               (no ring)
MPRegen 0.09/turn               (no ring)

@: lethally poisoned (0 -> -8)
A: permanent stasis, dig shafts and tunnels, antennae 3, four strong arms
a: Dig, Shaft Self


You were on level 5 of the Dungeon.
You visited 1 branch of the dungeon, and saw 4 of its levels.

You collected 156 gold pieces.

Inventory:

Hand Weapons
 a - a +2 shortbow
 b - a +0 dagger (weapon)
Missiles
 f - 16 poisoned darts (quivered)
 n - 6 arrows
Armour
 e - a +0 robe (worn)
Wands
 q - a wand of charming (8)
Scrolls
 g - 2 scrolls of identify {unknown}
 j - a scroll of amnesia {unknown}
 m - a scroll of immolation {unknown}
 p - a scroll of fear {unknown}
 s - a scroll of summoning {unknown}
 t - a scroll of teleportation {unknown}
Potions
 c - a potion of lignification
 h - a potion of degeneration {unknown}
 i - a potion of heal wounds
 k - 3 potions of curing {unknown}
 l - a potion of flight {unknown}
 o - a potion of attraction {unknown}
 r - a potion of magic {unknown}
Miscellaneous
 d - a piece from Xom's chessboard (15/15)


   Skills:
 * Level 5.2 Fighting
 - Level 2.0 Staves
 + Level 2.2 Bows
 - Level 1.1 Armour
 - Level 2.4 Stealth
 - Level 1.1 Evocations


You had 4 spell levels left.
You didn't know any spells.
Your spell library contained the following spells:

 Spells                   Type           Power      Damage    Failure   Level
 Magic Dart               Conj           0%         1d3       36%         1
 Call Imp                 Summ           0%         N/A       50%         2
 Mephitic Cloud           Conj/Pois/Air  0%         N/A       75%         3


Dungeon Overview and Level Annotations

Branches:
Dungeon (3/15)

Altars:
Dithmenos

Shops:
D:1 (:


Innate Abilities, Weirdness & Mutations

You cannot be hasted, slowed, berserked, paralysed or teleported.
You can dig through walls and to a lower floor.
You have a pair of large antennae on your head. (SInv)
Your four strong arms can wield two-handed weapons with a shield.


Message History

The scorpion is heavily wounded.
The scorpion stings you.
You take 2 damage, and have 30/44 hp.
You hit the scorpion but do no damage.
The scorpion is heavily wounded.
The scorpion barely misses you.
You hit the scorpion.
The scorpion is severely wounded.
The scorpion stings you!
You take 7 damage, and have 24/44 hp.
You hit the scorpion but do no damage.
The scorpion is severely wounded.
The scorpion closely misses you. The scorpion barely misses you.
You hit the scorpion but do no damage.
The scorpion is heavily wounded.
The scorpion stings you.
You are poisoned.
The scorpion poisons you!
You take 1 damage, and have 23/44 hp.
You closely miss the scorpion.
The scorpion is heavily wounded.
You feel very sick. The scorpion stings you.
* * * LOW HITPOINT WARNING * * *
You take 10 damage, and have 13/44 hp.
MASSIVE DAMAGE!!
You are too injured to fight recklessly!
You closely miss the scorpion.
The scorpion is heavily wounded.
* * * LOW HITPOINT WARNING * * *
You feel sick. The scorpion stings you!
* * * LOW HITPOINT WARNING * * *
You take 10 damage, and have 3/44 hp.
MASSIVE DAMAGE!!
You hit the scorpion.
The scorpion is severely wounded.
* * * LOW HITPOINT WARNING * * *
You feel sick. The scorpion barely misses you.
You take 2 damage, and have 1/44 hp.
You hit the scorpion but do no damage.
The scorpion is severely wounded.
You die...

#....#............#
#....#............#
#....'............#
#....#............#
#....#............#
#....#............#
#...####.##+###########.
#...####.##.#...........
#...........#...@s(.$...
#...........+...........
#...........#...........
#.....##................
########'#############..
#...........# .
#...........#
#...........#
#...........#


You could see a scorpion.

Vanquished Creatures
  4 adders
  A white imp (D:3)
  2 worms
  2 dart slugs
  11 bats
  3 endoplasms
  A giant cockroach (D:1)
  2 goblins
  3 hobgoblins
  5 jackals
  4 quokkas
  5 ball pythons
  3 frilled lizards
  6 kobolds
  3 rats
55 creatures vanquished.

Vanquished Creatures (others)
  A plant (D:5)
1 creature vanquished.

Grand Total: 56 creatures vanquished

Notes
Turn   | Place    | Note
-------+----------+-------------------------------------------
     0 | D:1      | gimp the Formicid Wanderer began the quest for the Orb.
     0 | D:1      | gimp set off with the following items: a +2 shortbow, 23
                  | arrows, a potion of lignification, a piece from Xom's
                  | chessboard (15/15), a +0 robe, a +0 dagger
     0 | D:1      | Reached XP level 1. HP: 18/18 MP: 1/1
   116 | D:1      | Reached XP level 2. HP: 24/24 MP: 2/2
   171 | D:1      | Found Judenusug's Book Shop.
   229 | D:1      | Found Gorchum's Weapon Shoppe.
   399 | D:1      | Reached skill level 4 in Fighting
   488 | D:1      | Reached XP level 3. HP: 24/30 MP: 3/3
  1231 | D:2      | Reached XP level 4. HP: 35/38 MP: 4/4
  1561 | D:3      | Reached skill level 5 in Fighting
  1941 | D:3      | Found a shadowy altar of Dithmenos.
  1973 | D:3      | Reached XP level 5. HP: 31/44 MP: 5/5
  2423 | D:3      | You fall into a shaft and drop 2 floors!
  2423 | D:5      | Entered Level 5 of the Dungeon
  2651 | D:5      | HP: 1/44 [poisoned by a scorpion]
  2652 | D:5      | Succumbed to a scorpion's poison

Illustrated notes

Levels and vault maps discovered:
D:1:      minmay_arrival_nine_rooms, layout_basic, serial_shops, shop, shop,
          minmay_tetromino_i2
D:2:      layout_rooms
D:3:      layout_basic, nicolae_dithmenos_shadow_blocks, roderic_batcave
D:5:      layout_gridville, mainiacjoe_overflow_boulevard, st_stairs_6,
          dk_noncrumbling_4, kennysheep_boxes, uniq_sigmund

Skill      XL: |  1  2  3  4 |
---------------+-------------+-----
Fighting       | 4 5 |  5.2
Bows           | 2 |  2.2
Staves         | |  2.0
Armour         | |  1.1
Stealth        | |  2.4
Evocations     | |  1.1

Action                   |  1- 3 |  4- 6 || total
-------------------------+-------+-------++-------
Melee: Dagger            |       |   100 ||   100
 Fire: Shortbow          |    73 |    31 ||   104
 Abil: Dig               |       |     1 ||     1
       Shaft Self        |       |     1 ||     1
  Use: Potion            |       |     1 ||     1
Armor: Robe              |    14 |    61 ||    75
Dodge: Dodged            |    21 |   104 ||   125

Table legend: (Time is in decaauts)
 A = Elapsed time spent in this place.
 B = Non-inter-level travel time spent in this place.
 C = Inter-level travel time spent in this place.
 D = Time resting spent in this place.
 E = Time spent auto-exploring this place.
 F = Levels seen in this place.
 G = Mean time per level.
                   A        B        C        D        E       F      G
               +--------+--------+--------+--------+--------+-----+--------+
         Total |   2670 |   2659 |     11 |      0 |   2208 |   4 |  667.5 |
       Dungeon |   2670 |   2659 |     11 |      0 |   2208 |   4 |  667.5 |
               +--------+--------+--------+--------+--------+-----+--------+

Top non-repeatable levels by time:
     D:1: 1007 daAuts
     D:3: 976 daAuts
     D:2: 458 daAuts
     D:5: 228 daAuts
